 Dungeon Crawl Stone Soup version 0.18.1-50-g88ac8fd (webtiles) character file.

80 WhiskeyPanda the Vandal (level 4, -6/30 HPs)
             Began as a Halfling Hunter on Sept 28, 2016.
             Was an Initiate of Fedhas.
             Mangled by a gnoll (7 damage)
             ... on level 3 of the Dungeon.
             The game lasted 00:24:49 (2800 turns).

WhiskeyPanda the Vandal (Halfling Hunter)           Turns: 2800, Time: 00:24:50

Health: -6/30      AC:  3    Str: 12    XL:     4   Next: 65%
Magic:  4/4        EV: 15    Int: 14    God:    Fedhas [......]
Gold:   150        SH:  0    Dex: 15    Spells: 0 memorised, 3 levels left

rFire  . . .     SeeInvis .     b - +0 short sword
rCold  + . .     Gourm    .     c - +0 leather armour
rNeg   . . .     Faith    +     (shield restricted)
rPois  .         Spirit   .     (no helmet)
rElec  .         Dismiss  .     (no cloak)
rCorr  .         Reflect  .     (no gloves)
SustAt .         Harm     .     (no boots)
MR     .....                    v - amulet of faith
Stlth  ++........               y - ring of protection from cold
                                t - +4 ring of intelligence

@: not resistant to hostile enchantments, unstealthy
A: mutation resistance 1
a: Renounce Religion


You were on level 3 of the Dungeon.
You worshipped Fedhas.
Fedhas was noncommittal.
You were not hungry.

You visited 1 branch of the dungeon, and saw 3 of its levels.

You collected 150 gold pieces.

Inventory:

Hand Weapons
 a - a +1 hunting sling
 b - a +0 short sword (weapon)
Missiles
 d - 10 sling bullets
 j - 62 stones (quivered)
Armour
 c - a +0 leather armour (worn)
Jewellery
 t - a +4 ring of intelligence (left hand)
 v - an amulet of faith (around neck)
 y - a ring of protection from cold (right hand)
Scrolls
 e - a scroll of enchant armour {unknown}
 h - 2 scrolls of noise {unknown}
 i - a scroll of fog {unknown}
 m - 2 scrolls of identify
 n - a scroll of enchant weapon {unknown}
 s - a scroll of teleportation {unknown}
 u - a scroll of blinking {unknown}
Potions
 g - a potion of cure mutation {unknown}
 k - 2 potions of degeneration
 l - a potion of cancellation {unknown}
 o - a potion of might {unknown}
 q - a potion of flight {unknown}
 w - a potion of curing {unknown}
Comestibles
 f - 2 bread rations
 p - a meat ration
 r - a royal jelly
 x - 8 fruits


   Skills:
 + Level 2.5 Fighting
 + Level 0.6 Short Blades
 + Level 7.0 Slings
 + Level 0.9 Armour
 + Level 2.8 Dodging
 + Level 1.2 Stealth


You had 3 spell levels left.
You didn't know any spells.

Dungeon Overview and Level Annotations

Branches:
Dungeon (3/15)

Altars:
Fedhas
Qazlal


Innate Abilities, Weirdness & Mutations

You are small and have problems with some larger weapons.
You are somewhat resistant to further mutation.


Message History

The gnoll closely misses you. The gnoll hits you with a club.
* * * LOW HITPOINT WARNING * * *
You are too injured to fight recklessly!
You are too injured to fight recklessly!
You are too injured to fight recklessly!
You are too injured to fight recklessly!
You hit the gnoll.
The gnoll is heavily wounded.
The gnoll hits you.
* * * LOW HITPOINT WARNING * * *
You hit the gnoll but do no damage.
The gnoll is heavily wounded.
The gnoll hits you from afar with a spear.
* * * LOW HITPOINT WARNING * * *
The gnoll barely misses you. The gnoll closely misses you.
You open the door.
An ooze comes into view.
The gnoll hits you!
You die...
Fedhas appreciates your contribution to the ecosystem.

....#..###......#
.
.#.......#......#
..
...###...#......#
... ..
##.........#.... .
#..............
###.......#....
#+#..##......#....
+.'.J.#.......[###
##@##
##..######...
#g#.###...# ##
#...((gg#.......#
##..(..###.######
#####. ...#
#######


You could see 3 gnolls and an ooze (sleeping).

Vanquished Creatures
  2 adders (D:2)
  A gnoll (D:3)
  A worm (D:2)
  A dart slug (D:1)
  4 giant geckos
  4 bats
  A giant cockroach (D:1)
  4 goblins (D:1)
  5 hobgoblins
  4 jackals (D:2)
  7 kobolds
  A quokka (D:2)
  A ball python (D:2)
  A giant newt (D:1)
  5 rats
42 creatures vanquished.

Notes
Turn   | Place    | Note
--------------------------------------------------------------
     0 | D:1      | WhiskeyPanda the Halfling Hunter began the quest for the Orb.
     0 | D:1      | Reached XP level 1. HP: 14/14 MP: 1/1
   299 | D:1      | Reached skill level 6 in Slings
   368 | D:1      | Reached XP level 2. HP: 19/19 MP: 2/2
   556 | D:1      | Reached XP level 3. HP: 10/24 MP: 3/3
  1436 | D:2      | Reached skill level 7 in Slings
  1978 | D:2      | Reached XP level 4. HP: 27/29 MP: 4/4
  2505 | D:2      | Found a stormy altar of Qazlal.
  2545 | D:2      | Found a blossoming altar of Fedhas.
  2561 | D:2      | Became a worshipper of Fedhas Madash
  2568 | D:2      | Noticed an oklob plant
  2799 | D:3      | HP: 1/30 [gnoll/spear (4)]
  2800 | D:3      | Mangled by a gnoll

Skill      XL: |  1  2  3 |
---------------+----------+-----
Slings         | 6 7 |  7.0
Fighting       | 2 |  2.5
Short Blades   | |  0.6
Armour         | |  0.9
Dodging        | |  2.8
Stealth        | |  1.2

Action                   |  1- 3 |  4- 6 || total
-------------------------+-------+-------++-------
Melee: Short sword       |    91 |    54 ||   145
 Fire: Hunting sling     |    26 |     5 ||    31
Throw: Stone             |     2 |       ||     2
  Use: Scroll            |     3 |     1 ||     4
 Stab: Sleeping          |     2 |       ||     2
  Eat: Meat ration       |     1 |       ||     1
       Bread ration      |       |     1 ||     1
Armor: Leather armour    |    13 |     2 ||    15
Dodge: Dodged            |    70 |    57 ||   127
